 Dungeon Crawl Stone Soup version 0.27.1-4-g1640c2035a (webtiles) character file.

Game seed: 11624112813312585866

145 pkoi the Shield-Bearer (level 5, 0/47 HPs)
             Began as a Minotaur Fighter on Nov 1, 2021.
             Slain by Natasha (4 damage)
             ... on level 3 of the Dungeon.
             The game lasted 00:03:00 (2398 turns).

pkoi the Shield-Bearer (Minotaur Fighter)           Turns: 2398, Time: 00:03:00

Health: 0/47       AC:  7    Str: 21    XL:     5   Next: 6%
Magic:  4/4        EV:  8    Int:  5    God:
Gold:   131        SH:  9    Dex: 10    Spells: 4/4 levels left

rFire    . . .     SeeInvis .   a - +0 long sword
rCold    . . .     Faith    .   c - +0 kite shield
rNeg     . . .     Spirit   .   b - +0 scale mail
rPois    .         Reflect  .   (helmet restricted)
rElec    .         Harm     .   (no cloak)
rCorr    .         Rampage  .   (no gloves)
Will     .....                  (no boots)
Stlth    ..........             (no amulet)
HPRegen  0.15/turn              (no ring)
MPRegen  0.09/turn              (no ring)

@: no status effects
A: horns 2, retaliatory headbutt
a: no special abilities


You were on level 3 of the Dungeon.
You visited 1 branch of the dungeon, and saw 3 of its levels.

You collected 131 gold pieces.

Inventory:

Hand Weapons
 a - a +0 long sword (weapon)
Armour
 b - a +0 scale mail (worn)
 c - a +0 kite shield (worn)
Wands
 k - a wand of iceblast (10)
 l - a wand of paralysis (10)
Scrolls
 j - a scroll of teleportation {unknown}
 m - a scroll of identify {unknown}
Potions
 d - a potion of might
 e - a potion of heal wounds {unknown}
 f - a potion of attraction {unknown}
 g - 2 potions of ambrosia {unknown}
 h - 2 potions of haste {unknown}
 i - a potion of curing {unknown}


   Skills:
 + Level 4.4 Fighting
 + Level 3.6 Long Blades
 + Level 4.4 Armour
 + Level 2.0 Dodging
 + Level 4.5 Shields


You had 4 spell levels left.
You didn't know any spells.
Your spell library was empty.

Dungeon Overview and Level Annotations

Branches:
Dungeon (3/15)

Altars:

Annotations:
D:2 Sigmund
D:3 Natasha, Terence


Innate Abilities, Weirdness & Mutations

You have a pair of horns on your head.
You reflexively headbutt those who attack you in melee.


Message History

Terence hits you with a +0 flail. Natasha barely misses you.
You furiously retaliate!
You headbutt Natasha. You block Terence's attack.
You hit Terence.
Terence is heavily wounded.
You block Natasha's attack. You block Terence's attack.
Natasha closely misses you. You furiously retaliate!
You headbutt Natasha.
You riposte.
You hit Natasha. You headbutt Natasha, but do no damage.
Natasha is moderately wounded.
You hit Terence.
Terence is severely wounded.
You block Terence's attack. You block Natasha's attack.
You block Terence's attack.
Unknown command.
You hit Terence but do no damage. Your headbutt misses Terence.
Terence is severely wounded.
Natasha howls an incantation.
You feel disoriented. Natasha claws you.
* * * LOW HITPOINT WARNING * * *
Terence hits you with a +0 flail!
* * * LOW HITPOINT WARNING * * *
Natasha completely misses you.
You riposte.
You hit Natasha.
Natasha is heavily wounded.
You hit Terence but do no damage.
Terence is severely wounded.
Terence hits you with a +0 flail.
* * * LOW HITPOINT WARNING * * *
Natasha casts a spell at you. You resist with some effort.
Terence hits you with a +0 flail!
* * * LOW HITPOINT WARNING * * *
You hit Terence but do no damage. You headbutt Terence, but do no damage.
Terence is severely wounded.
You block Natasha's attack. Terence hits you with a +0 flail.
* * * LOW HITPOINT WARNING * * *
You closely miss Terence.
Terence is severely wounded.
Natasha claws you but does no damage.
The white imp lashes its tail.
Terence barely misses you. Natasha claws you.
You die...

#.#<....#.#####... #
##......#.......
#.##.##...#.######
#.....#...#.#
####..#...#.#
###..#...#.######
#........#.......
##.###'#####..........
#..5@@>....#..........
#...h...##.#..........
#.......# #..........
#..)....# #..........
#.....$.##............
#.......####.###......
##+#'###. ... #######
#. ..... ## .. #...


You could see Terence, Natasha and a white imp (summoned).

Vanquished Creatures
  Jessica (D:2)
  4 gnolls
  2 adders (D:2)
  A worm (D:2)
  3 dart slugs (D:1)
  An orc (D:3)
  2 ball pythons
  6 bats
  3 endoplasms (D:1)
  5 giant cockroaches
  8 goblins
  6 hobgoblins
  A quokka (D:2)
  2 frilled lizards
  5 kobolds
  A rat (D:1)
51 creatures vanquished.

Notes
Turn   | Place    | Note
-------+----------+-------------------------------------------
     0 | D:1      | pkoi the Minotaur Fighter began the quest for the Orb.
     0 | D:1      | Reached XP level 1. HP: 19/19 MP: 0/0
    39 | D:1      | Reached XP level 2. HP: 25/27 MP: 1/1
   462 | D:1      | Reached skill level 1 in Dodging
   707 | D:1      | Reached XP level 3. HP: 33/33 MP: 2/2
   772 | D:1      | Found a faded altar of an unknown god.
  1351 | D:2      | Reached XP level 4. HP: 27/40 MP: 3/3
  1619 | D:2      | Noticed Jessica
  1625 | D:2      | Killed Jessica
  2116 | D:2      | Noticed Sigmund
  2243 | D:3      | Reached XP level 5. HP: 47/47 MP: 4/4
  2388 | D:3      | Noticed Terence
  2390 | D:3      | Noticed Natasha
  2398 | D:3      | Slain by Natasha

Illustrated notes

Levels and vault maps discovered:
D:1:      eino_arrival_water_star, layout_basic,
          dilly_ecumenical_altar_fadedgnrine, minmay_misc_feat_plants,
          minmay_misc_feat_rugged
D:2:      layout_basic, ebering_dispersal_statue_hall, uniq_jessica,
          uniq_sigmund
D:3:      layout_basic, grunt_dithmenos_smoke_and_mirrors,
          minmay_goblin_outpost, uniq_natasha, uniq_terence, uniq_ijyb

Skill      XL: |  1  2  3  4 |
---------------+-------------+-----
Dodging        | 1 2 |  2.0
Shields        | 4 |  4.5
Armour         | 4 |  4.4
Fighting       | 4 |  4.4
Long Blades    | 3 |  3.6

Action                   |  1- 3 |  4- 6 || total
-------------------------+-------+-------++-------
Melee: Long sword        |    83 |    55 ||   138
       Headbutt          |    12 |     7 ||    19
  Use: Scroll            |     1 |     1 ||     2
Armor: Scale mail        |    30 |    25 ||    55
Dodge: Dodged            |    26 |    22 ||    48
Block: Kite shield       |    43 |    30 ||    73
       Rpst.: Long sword |     7 |     6 ||    13
